 Dungeon Crawl Stone Soup version 0.24-a0-789-g35933f4585 (webtiles) character file.

Game seed: 15518317332960937630, levelgen mode: deterministic

283 Conn the Sneak (level 6, 0/37 HPs)
             Began as an Octopode Fire Elementalist on Oct 10, 2019.
             Succumbed to a worker ant's poison
             ... on level 2 of the Dungeon.
             The game lasted 00:10:56 (3830 turns).

Conn the Sneak (Octopode Fire Elementalist)         Turns: 3830, Time: 00:10:56

Health: 0/37       AC:  1    Str:  8    XL:     6   Next: 28%
Magic:  10/10      EV: 14    Int: 24    God:
Gold:   80         SH:  0    Dex: 12    Spells: 3/10 levels left

rFire    + + .     SeeInvis .   n - +0 short sword (venom)
rCold    . . .     Gourm    .   (no shield)
rNeg     . . .     Faith    .   (helmet restricted)
rPois    .         Spirit   .   g - amulet of rage
rElec    .         Reflect  .   b - ring of protection from fire
rCorr    .         Harm     .   j - ring of protection from fire
MR       .....                  (no ring)
Stlth    ++++......             (no ring)
HPRegen  0.12/turn              (no ring)
MPRegen  0.12/turn              (no ring)
                                (no ring)
                                (no ring)

@: brilliant, lethally poisoned (0 -> -1), hasted, very quick
A: almost no armour, stealthy swim, amphibious, 8 rings, constrict 8, tentacle
spike 2, camouflage 1, screaming 1, gelatinous body 1
a: Evoke Berserk Rage


You were on level 2 of the Dungeon.
You were not hungry.

You visited 1 branch of the dungeon, and saw 3 of its levels.

You collected 80 gold pieces.

Inventory:

Hand Weapons
 a - a +0 dagger
 k - a +0 short sword
 n - a +0 short sword of venom (weapon)
Missiles
 d - 27 poisoned darts (quivered)
Jewellery
 b - a ring of protection from fire (left tentacle)
 g - an amulet of rage (around mantle)
 j - a ring of protection from fire (right tentacle)
Scrolls
 f - 3 scrolls of identify
 o - a scroll of fog
Comestibles
 h - 5 chunks of flesh
 l - 2 rations


   Skills:
 + Level 0.9 Fighting
 + Level 1.0 Short Blades
 + Level 1.6 Throwing
 + Level 3.1 Dodging
 + Level 4.3 Stealth
 + Level 2.7 Spellcasting
 + Level 2.1 Conjurations
 + Level 4.1 Fire Magic


You had 3 spell levels left.
You knew the following spells:

 Your Spells              Type           Power        Failure   Level  Hunger
a - Flame Tongue          Conj/Fire      ####.        1%          1    None
b - Conjure Flame         Conj/Fire      ####....     1%          3    ###....
c - Inner Flame           Hex/Fire       ####....     1%          3    ###....

Your spell library contained the following spells:

 Spells                   Type           Power        Failure   Level  Hunger
 Throw Flame              Conj/Fire      ####..       1%          2    ##.....
 Sticky Flame             Conj/Fire      ####....     3%          4    ####...
 Fireball                 Conj/Fire      ####......   10%         5    ######.


Dungeon Overview and Level Annotations

Branches:
Dungeon (3/15)

Altars:
Qazlal

Annotations:
D:3 1 runed translucent door, Utis's ghost, amateur TeNe


Innate Abilities, Weirdness & Mutations

You cannot wear most types of armour.
You are very stealthy in the water. (Stealth+)
You are amphibious.
You can wear up to eight rings at the same time.
You can use your tentacles to constrict eight enemies at once.
Your skin changes colour to match your surroundings (Stealth+).
Your rubbery body absorbs attacks. (AC +1, EV +1)
One of your tentacles bears a nasty spike.
You occasionally shout uncontrollably at your foes.


Message History

As you read the scroll labeled VUAXTI BAIC, it crumbles to dust.
It is a scroll of identify.
o - a scroll of fog
As you read the scroll labeled ENYED XITUV, it crumbles to dust.
You feel blessed for a moment.
It was a scroll of remove curse.
* * * LOW HITPOINT WARNING * * *
You feel sick.
As you read the scroll labeled HORIWEUMUWN, it crumbles to dust.
The dust glows gleaming yellow!
It was a scroll of random uselessness.
As you read the scroll labeled FEENYNK GOKUD, it crumbles to dust.
You feel aware of your surroundings.
It was a scroll of magic mapping.
As you read the scroll labeled KYEMIC SILIGH, it crumbles to dust.
It is a scroll of enchant armour.
You aren't carrying any armour which can be enchanted further.
You aren't carrying any potions.
* * * LOW HITPOINT WARNING * * *
You feel sick.
There is a stone staircase leading up here.
You climb upwards.
You die...

#.#...........# #>##.#
##.............# #.##.#
##.............# #.##.#
...............###.##.#
##.......#.#.###......#
###.....##.#.###......#
# ##...###............#
#####.## ###.###.....##
......# #.# #@....#
#####.# #.# ##.####
#####.## #.# #.#
.......#####.# #.#
#####........# #.#
...###.####### #.#
...#☼....# #.#
##.#.....########.#
#...._...........#


There were no monsters in sight!

Vanquished Creatures
  Sigmund (D:2)
  A worker ant (D:3)
  3 adders
  2 worms (D:3)
  A dart slug (D:1)
  A leopard gecko (D:2)
  2 orcs (D:3)
  3 giant cockroaches (D:1)
  6 goblins
  3 hobgoblins
  13 jackals
  2 quokkas (D:3)
  5 bats
  4 frilled lizards
  9 kobolds
  8 rats
64 creatures vanquished.

Vanquished Creatures (others)
  An adder (D:2)
  2 withered plants (D:3)
3 creatures vanquished.

Grand Total: 67 creatures vanquished

Notes
Turn   | Place    | Note
-------+----------+-------------------------------------------
     0 | D:1      | Conn the Octopode Fire Elementalist began the quest for the
                  | Orb.
     0 | D:1      | Reached XP level 1. HP: 11/11 MP: 3/3
   117 | D:1      | Reached XP level 2. HP: 17/17 MP: 3/5
  1157 | D:1      | Reached XP level 3. HP: 18/21 MP: 6/6
  1162 | D:1      | Learned a level 3 spell: Conjure Flame
  1280 | D:2      | Noticed Sigmund
  1446 | D:2      | Found a stormy altar of Qazlal.
  1927 | D:2      | Gained mutation: One of your tentacles bears a spike.
                  | [potion of mutation]
  1927 | D:2      | Gained mutation: You occasionally shout uncontrollably at
                  | your foes. [potion of mutation]
  1927 | D:2      | Gained mutation: One of your tentacles bears a nasty spike.
                  | [potion of mutation]
  1941 | D:2      | HP: 1/21 [poisoned by an adder]
  2630 | D:2      | Killed Sigmund
  2630 | D:2      | Reached skill level 1 in Throwing
  2630 | D:2      | Reached XP level 4. HP: 8/27 MP: 1/8
  2630 | D:2      | Reached XP level 5. HP: 9/32 MP: 1/9
  3221 | D:3      | Found a runed translucent door.
  3222 | D:3      | Noticed Utis's ghost (amateur TeNe)
  3235 | D:3      | Learned a level 3 spell: Inner Flame
  3347 | D:3      | Reached XP level 6. HP: 37/37 MP: 10/10
  3787 | D:3      | Reached skill level 1 in Short Blades
  3819 | D:3      | HP: 1/37 [poisoned by a worker ant]
  3825 | D:3      | HP: 1/37 [poisoned by a worker ant]
  3830 | D:2      | Succumbed to a worker ant's poison

Levels and vault maps discovered:
D:1:      doesnt_arrival_eight_statues, layout_basic, hex_intersection
D:2:      layout_loops_ring, hangedman_feature_mirror, minmay_misc_feat_doors,
          grunt_qazlal_clouds, uniq_sigmund
D:3:      layout_basic, gammafunk_ghost_grave, first_ration

Skill      XL: |  1  2  3  4  5  6 |
---------------+-------------------+-----
Throwing       | 1 |  1.6
Dodging        | 3 |  3.1
Stealth        | 4 |  4.3
Conjurations   | 2 |  2.1
Fire Magic     | 4 |  4.1
Short Blades   | 1 |  1.0
Fighting       | |  0.9
Spellcasting   | |  2.7

Action                   |  1- 3 |  4- 6 || total
-------------------------+-------+-------++-------
Melee: Constrict         |    12 |    12 ||    24
       Unarmed           |     6 |       ||     6
       Dagger            |    40 |     5 ||    45
       Tentacles         |    11 |     5 ||    16
       Short sword       |       |    45 ||    45
       Kick              |       |    13 ||    13
Throw: Dart              |    16 |       ||    16
 Cast: Flame Tongue      |    38 |    13 ||    51
       Conjure Flame     |     2 |       ||     2
  Use: Potion            |     3 |     2 ||     5
       Scroll            |     1 |     6 ||     7
 Stab: Sleeping          |     6 |     7 ||    13
  Eat: Chunk             |     3 |     3 ||     6
       Ration            |     1 |       ||     1
Armor: Skin              |     4 |     2 ||     6
Dodge: Dodged            |    62 |    32 ||    94

Table legend:
 A = Non-vault XP
 B = Vault XP
 C = Vault XP percentage of total XP
 D = Non-vault monster count
 E = Vault monster count
 F = Vault count percentage of total count
                 A         B        C        D         E       F
            +---------+---------+-------+---------+---------+-------
      Total |     176 |     229 |  56.5 |      61 |       3 |   4.7
            +---------+---------+-------+---------+---------+-------
        D:1 |      38 |       0 |   0.0 |      22 |       0 |   0.0
        D:2 |      33 |     229 |  87.4 |      12 |       3 |  20.0
        D:3 |     105 |       0 |   0.0 |      27 |       0 |   0.0
            +---------+---------+-------+---------+---------+-------
